 Dungeon Crawl Stone Soup version 0.30-a0-900-g23479c02f2 (webtiles) character file.

Game seed: 8745691298236202693

956 browni3141 the Firebug (level 7, 0/51 HPs)
             Began as a Demonspawn Fire Elementalist on Mar 19, 2023.
             Slain by an iguana (11 damage)
             ... on level 6 of the Dungeon.
             The game lasted 00:13:44 (5196 turns).

browni3141 the Firebug (DsFE)                       Turns: 5196, Time: 00:13:45

Health: 0/51       AC:  5    Str: 14    XL:     7   Next: 91%
Magic:  2/13       EV: 13    Int: 19    God:
Gold:   59         SH:  0    Dex: 17    Spells: 5/14 levels left

rFire   . . .      SeeInvis .    f - +2 hand axe (venom)
rCold   . . .      Faith    .    (no shield)
rNeg    . . .      Spirit   .    a - +0 robe
rPois   +          Reflect  .    (no helmet)
rElec   .          Rampage  .    m - +0 cloak
rCorr   .                        s - +1 pair of gloves
Will    .....                    (no boots)
Stlth   ++++                     (no amulet)
HPRegen 0.28/turn                g - ring of poison resistance
MPRegen 0.13/turn                y - +6 ring of strength

@: no status effects
A: thin skeletal structure 2, ignite blood 1, weakness stinger 2
a: no special abilities


You were on level 6 of the Dungeon.
You visited 1 branch of the dungeon, and saw 6 of its levels.

You collected 325 gold pieces.
You spent 266 gold pieces at shops.

Inventory:

Hand Weapons
 f - a +2 hand axe of venom (weapon)
Armour
 a - a +0 robe (worn)
 i - a +2 tower shield
 m - a +0 cloak (worn)
 s - a +1 pair of gloves (worn)
Jewellery
 g - a ring of poison resistance (left hand)
 o - a ring of ice
 q - a ring of protection from cold
 y - a +6 ring of strength (right hand)
Scrolls
 c - 4 scrolls of torment
 d - 2 scrolls of noise
 j - 2 scrolls of vulnerability
 l - a scroll of teleportation
 p - 2 scrolls of fear
 r - a scroll of immolation
 u - 2 scrolls of magic mapping {unknown}
 w - a scroll of enchant armour {unknown}
 x - 2 scrolls of identify
 A - a scroll of blinking {unknown}
Potions
 b - a potion of magic
 e - 2 potions of degeneration
 h - 4 potions of flight {unknown}
 k - 3 potions of curing {unknown}
 n - a potion of attraction {unknown}
 t - a potion of haste {unknown}
 v - 2 potions of heal wounds {unknown}
 z - a potion of ambrosia {unknown}


   Skills:
 + Level 2.6 Fighting
 - Level 2.0 Axes
 + Level 2.5 Dodging
 - Level 2.0 Stealth
 - Level 4.0 Spellcasting
 - Level 3.0 Conjurations
 - Level 3.0 Hexes
 + Level 1.0 Translocations
 - Level 5.0 Fire Magic
 * Level 1.5 Air Magic


You had 5 spell levels left.
You knew the following spells:

 Your Spells              Type           Power      Damage    Failure   Level
a - Foxfire               Conj/Fire      76%        2x1d7     2%          1
b - Scorch                Fire           44%        2d7       2%          2
c - Inner Flame           Hex/Fire       19%        N/A       8%          3
d - Kindle Blastsparks    Fire/Tloc/Air  26%        2d12      14%         3

Your spell library contained the following spells:

 Spells                   Type           Power      Damage    Failure   Level
 Ensorcelled Hibernation  Hex/Ice        18%        N/A       11%         2
 Beastly Appendage        Tmut           6%         N/A       14%         1
 Passwall                 Tmut/Erth      2%         N/A       21%         2
 Wereblood                Tmut           3%         N/A       21%         2
 Swiftness                Air            9%         N/A       22%         3
 Flame Wave               Conj/Fire      19%        2d7       26%         4
 Spider Form              Tmut/Pois      3%         N/A       38%         3
 Yara's Violent Unravell  Hex/Tmut       4%         3d4       90%         5
 Enfeeble                 Hex            7%         N/A       100%        7


Dungeon Overview and Level Annotations

Branches:
Dungeon (6/15)
 Temple: D:4-7

Altars:
Gozag
Nemelex Xobeh
Okawaru
Ru

Shops:
D:3 *   D:4 *   D:5 [

Annotations:
D:4 Grinder


Innate Abilities, Weirdness & Mutations

You have a moderately thin skeletal structure. (Dex +4, Stealth++)
Your demonic aura sometimes causes spilled blood to erupt in flames.
You have a tail ending in a sharp stinger.


Message History

You hit the sky beast but do no damage.
The sky beast is poisoned.
The sky beast is almost dead.
A white imp comes into view.
The sky beast closely misses you.
You hit the sky beast.
You kill the sky beast!
The iguana bites you!
Your Translocations skill increases to level 1!
You barely miss the iguana. The iguana barely misses you.
You completely miss the iguana.
Your tail-slap misses the iguana.
The iguana misses you. The iguana attacks as you move away!
The iguana bites you but does no damage.
Things that are here:
a +0 hand axe; a +0 leather armour; an orc corpse You hit the iguana.
The iguana is moderately wounded.
The iguana misses you.
You hit the iguana.
The iguana is poisoned.
The iguana is moderately wounded.
The white imp is engulfed in a cloud of scalding steam.
The iguana bites you!
You are too injured to fight recklessly!
You are too injured to fight recklessly!
You hit the iguana but do no damage.
Your tail-slap misses the iguana.
The iguana is moderately wounded.
The iguana bites you.
The orc is engulfed in a cloud of scalding steam.
You kill the orc!
The iguana misses you.
The white imp sputters.
You barely miss the iguana.
The iguana is moderately wounded.
The iguana bites you!
* * * LOW HITPOINT WARNING * * *
Unknown command.
You hit the iguana but do no damage.
The iguana looks as sick as possible!
The iguana is moderately wounded.
The iguana bites you!
You die...

#.##############
#..~5l@)......<#
#...)###########
....... 8..8#..
... ##. .. ## $


You could see an iguana (extremely poisoned) and a white imp.

Vanquished Creatures
  Sigmund (D:5)
  A sky beast (D:6)
  3 phantoms (D:5)
  2 jellies
  2 orc priests (D:5)
  A gnoll bouda (D:5)
  A sleepcap (D:4)
  An iguana (D:4)
  2 orc wizards (D:6)
  6 gnolls
  8 adders
  A worm (D:2)
  3 dart slugs
  13 orcs
  6 ball pythons
  7 endoplasms
  5 giant cockroaches
  4 goblins
  3 hobgoblins
  7 jackals
  3 quokkas
  7 bats
  2 frilled lizards
  9 kobolds
  2 rats (D:1)
100 creatures vanquished.

Vanquished Creatures (others)
  283 foxfires
  3 plants
286 creatures vanquished.

Grand Total: 386 creatures vanquished

Notes
Turn   | Place    | Note
-------+----------+-------------------------------------------
     0 | D:1      | browni3141 the Demonspawn Fire Elementalist began the quest
                  | for the Orb.
     0 | D:1      | Reached XP level 1. HP: 13/13 MP: 3/3
    58 | D:1      | Reached skill level 1 in Fighting
   160 | D:1      | Reached skill level 3 in Fire Magic
   200 | D:1      | Gained mutation: Your demonic aura sometimes causes spilled
                  | blood to erupt in flames. [demonic ancestry]
   200 | D:1      | Reached XP level 2. HP: 21/21 MP: 3/5
   275 | D:1      | Learned a level 2 spell: Scorch
   748 | D:2      | Gained mutation: You have a somewhat thin skeletal
                  | structure. (Dex +2, Stealth+) [demonic ancestry]
   748 | D:2      | Reached XP level 3. HP: 27/27 MP: 3/6
  1076 | D:2      | Reached skill level 1 in Axes
  1142 | D:2      | Gained mutation: You have a moderately thin skeletal
                  | structure. (Dex +4, Stealth++) [demonic ancestry]
  1142 | D:2      | Reached XP level 4. HP: 24/33 MP: 1/7
  1441 | D:2      | Learned a level 3 spell: Inner Flame
  2099 | D:3      | Found an opulent altar of Gozag.
  2099 | D:3      | Found Gozag's Platinum Reserve.
  2382 | D:3      | Found a sacrificial altar of Ru.
  2716 | D:4      | Gained mutation: You have a small tail. [demonic ancestry]
  2716 | D:4      | Reached XP level 5. HP: 38/38 MP: 3/8
  2719 | D:4      | Noticed Grinder
  3063 | D:4      | Reached skill level 1 in Hexes
  3260 | D:4      | Found Pulidwus's Assorted Antiques.
  3263 | D:4      | Bought a green potion for 27 gold pieces
  3263 | D:4      | Bought a scroll of identify for 60 gold pieces
  3263 | D:4      | Bought a scroll labelled XOKITEITZO for 30 gold pieces
  3367 | D:4      | Found a sparkling altar of Nemelex Xobeh.
  3537 | D:4      | Reached skill level 4 in Fire Magic
  3580 | D:4      | Found an iron altar of Okawaru.
  3708 | D:5      | Entered Level 5 of the Dungeon
  3958 | D:5      | Reached XP level 6. HP: 38/44 MP: 3/9
  4058 | D:5      | Found Komyteyf's Armour Shoppe.
  4067 | D:5      | Bought a +1 pair of gloves for 149 gold pieces
  4390 | D:5      | Noticed Sigmund
  4401 | D:5      | Killed Sigmund
  4402 | D:5      | Reached skill level 5 in Fire Magic
  4402 | D:5      | Gained mutation: You have a tail ending in a sharp stinger.
                  | [demonic ancestry]
  4402 | D:5      | Reached XP level 7. HP: 43/50 MP: 0/11
  5086 | D:5      | Learned a level 3 spell: Kindle Blastsparks
  5183 | D:6      | Reached skill level 1 in Air Magic
  5189 | D:6      | Reached skill level 1 in Translocations
  5196 | D:6      | Slain by an iguana

Illustrated notes

Levels and vault maps discovered:
D:1:      lightli_arrival_chessboard, layout_rooms
D:2:      cheibrodos_old_hovel, layout_basic
D:3:      layout_basic, hangedman_ru_absence, zin_scriptorium,
          nicolae_gozag_zags_fifth_avenue
D:4:      wad_lake_hut, layout_layer_cave, mainiacjoe_overflow_boulevard,
          kennysheep_little_box, makhleb_heckhound_becter, serial_shops,
          nicolae_shop_behind_doors, minivault_25, uniq_grinder
D:5:      layout_basic, serial_shops, nicolae_shop_advertising_works
          [nicolae_subvault_shop_adworks], uniq_sigmund
D:6:      layout_basic, jmf_multi_god_temple, ebering_ghost_reflecting_pool

Skill      XL: |  1  2  3  4  5  6  7 |
---------------+----------------------+-----
Fighting       | 1 2 |  2.6
Fire Magic     | 3 4 5 |  5.0
Stealth        | 2 |  2.0
Dodging        | 2 |  2.5
Axes           | 2 |  2.0
Hexes          | 1 2 3 |  3.0
Conjurations   | 2 3 |  3.0
Spellcasting   | 3 4 |  4.0
Air Magic      | 1 |  1.5
Translocations | 1 |  1.0

Action                     |  1- 3 |  4- 6 |  7- 9 || total
---------------------------+-------+-------+-------++-------
  Melee: Hand axe          |    23 |    61 |    25 ||   109
         Tailslap          |       |     3 |     4 ||     7
         Punch             |       |     1 |       ||     1
   Cast: Foxfire           |    50 |   105 |    16 ||   171
         Scorch            |       |     6 |     9 ||    15
         Inner Flame       |       |     2 |     1 ||     3
    Use: Scroll            |       |     8 |       ||     8
   Stab: Sleeping          |       |     4 |       ||     4
 Armour: Robe              |     6 |     4 |     5 ||    15
  Dodge: Dodged            |    16 |    35 |    24 ||    75

Table legend: (Time is in decaauts)
 A = Elapsed time spent in this place.
 B = Non-inter-level travel time spent in this place.
 C = Inter-level travel time spent in this place.
 D = Time resting spent in this place.
 E = Time spent auto-exploring this place.
 F = Levels seen in this place.
 G = Mean time per level.
                   A        B        C        D        E       F      G
               +--------+--------+--------+--------+--------+-----+--------+
         Total |   5240 |   5198 |     42 |    243 |   4131 |   6 |  873.3 |
       Dungeon |   5240 |   5198 |     42 |    243 |   4131 |   6 |  873.3 |
               +--------+--------+--------+--------+--------+-----+--------+

Top non-repeatable levels by time:
     D:5: 1409 daAuts
     D:4: 1173 daAuts
     D:2: 1095 daAuts
     D:3: 746 daAuts
     D:1: 729 daAuts
     D:6: 87 daAuts
